AoeStats
← Jakobob

Arabia

510354598Analyzed
1v1 RM · 1d ago on Sep 30, 2026· 20m 6s· 2 players
Game mode
Random Map
Map size
Tiny (2 player)
Population
200
Speed
Normal
Resources
Standard
Victory
Conquest
Starting age
Dark Age
Ending age
Imperial Age
RankedLock teamsTeams togetherTeam positionsShared explorationLock speedFull tech treeHidden civsTurbo modeCheats
Victory
Defeat
🇩🇪 Magyars · Germany
752
+13
🇲🇽 Burgundians · Mexico
689
-13
CAR FUHRK
3:37 Loom
10:20 Feudal Age
9:55 Double-Bit Axe
10:23 Horse Collar
16:40 Heavy Plow
Jakobob
11:37 Feudal Age
12:26 Double-Bit Axe
19:53 Scale Barding Armor
Connection lost

Rejoining the realm…

Still unreachable

The connection could not be restored.

Session expired

The server has moved on; the page needs a fresh start.